 Dungeon Crawl Stone Soup version 0.30-a0-852-g08b95dd62f (webtiles) character file.

Game seed: 10094243089894243575

26 jimonade the Grasshopper (level 3, -1/36 HPs)
             Began as an Ogre Warper on Mar 5, 2023.
             Slain by an adder (3 damage)
             ... on level 1 of the Dungeon.
             The game lasted 00:03:46 (1209 turns).

jimonade the Grasshopper (Ogre Warper)              Turns: 1209, Time: 00:03:47

Health: -1/36      AC:  3    Str: 15    XL:     3   Next: 8%
Magic:  7/7        EV: 10    Int: 14    God:
Gold:   38         SH:  0    Dex: 10    Spells: 3/7 levels left

rFire   . . .      SeeInvis .    a - +0 mace
rCold   . . .      Faith    .    (no shield)
rNeg    . . .      Spirit   .    b - +0 robe
rPois   .          Reflect  .    (helmet restricted)
rElec   .          Rampage  .    (no cloak)
rCorr   .                        (gloves unavailable)
Will    .....                    (boots unavailable)
Stlth   +                        (no amulet)
HPRegen 0.26/turn                (no ring)
MPRegen 0.10/turn                (no ring)

@: lethally poisoned (-1 -> -5)
A: large, unfitting armour, tough skin 1
a: no special abilities


You were on level 1 of the Dungeon.
You visited 1 branch of the dungeon, and saw 2 of its levels.

You collected 38 gold pieces.

Inventory:

Hand Weapons
 a - a +0 mace (weapon)
 m - a +1 short sword of flaming
Missiles
 d - 7 boomerangs of dispersal (quivered)
 g - 11 stones
 o - 2 poisoned darts
Armour
 b - a +0 robe (worn)
Scrolls
 c - 2 scrolls of blinking
 f - a scroll of silence {unknown}
 h - a scroll of enchant armour {unknown}
 j - a scroll of immolation {unknown}
 k - a scroll of poison {unknown}
 l - a scroll of teleportation {unknown}
 p - a scroll of identify {unknown}
Potions
 e - a potion of flight {unknown}
 i - 2 potions of invisibility {unknown}
 n - a potion of attraction {unknown}


   Skills:
 + Level 2.9 Fighting
 + Level 1.9 Maces & Flails
 + Level 1.0 Throwing
 + Level 2.5 Dodging
 + Level 2.7 Spellcasting
 * Level 3.1 Translocations


You had 3 spell levels left.
You knew the following spells:

 Your Spells              Type           Power      Damage    Failure   Level
a - Blink                 Tloc           20%        N/A       10%         2
b - Lesser Beckoning      Tloc           20%        N/A       10%         2

Your spell library contained the following spells:

 Spells                   Type           Power      Damage    Failure   Level
 Teleport Other           Tloc           10%        N/A       19%         3
 Sublimation of Blood     Necr           1%         N/A       32%         2
 Wereblood                Tmut           1%         N/A       32%         2
 Vhi's Electric Charge    Tloc/Air       12%        N/A       34%         3
 Manifold Assault         Tloc           10%        N/A       52%         4
 Summon Hydra             Summ           0%         N/A       100%        7


Dungeon Overview and Level Annotations

Branches:
Dungeon (2/15)

Altars:

Annotations:
D:2 Robin, Sigmund


Innate Abilities, Weirdness & Mutations

You are too large for most types of armour.
You have tough skin. (AC +1)


Message History

There is an open door here.
There is a stone staircase leading down here.
You climb downwards.
Level annotation: Robin, Sigmund The adder hisses angrily.
The adder closely misses you. The adder bites you.
You are poisoned.
The adder poisons you!
There is a stone staircase leading up here.
You feel sick.
Sigmund shouts!
The goblin shouts!
The adder bites you. x2
You climb upwards.
You feel sick.
There is a stone staircase leading down here.
You hit the adder but do no damage.
You feel sick. The adder bites you.
You hit the adder but do no damage.
You feel sick. The adder barely misses you. The adder bites you.
You are more poisoned.
The adder poisons you!
You closely miss the adder.
You feel sick. The adder bites you. x2
You are too injured to fight recklessly!
You are too injured to fight recklessly!
You closely miss the adder.
You feel sick. The adder misses you. x2
You closely miss the adder.
You feel sick. The adder barely misses you.
You hit the adder. You punch the adder, but do no damage.
The adder is lightly wounded.
You feel sick. The adder barely misses you. The adder bites you.
* * * LOW HITPOINT WARNING * * *
You are lethally poisoned!
The adder poisons you!
You miss the adder.
The adder is lightly wounded.
* * * LOW HITPOINT WARNING * * *
You feel very sick. The adder bites you but does no damage.
The adder bites you.
* * * LOW HITPOINT WARNING * * *
You closely miss the adder.
* * * LOW HITPOINT WARNING * * *
You feel sick. The adder bites you.
You die...

##############
###............#######
#....................#
#....................#
+.......####.........#
#.......####.........#
+..............S@#####
#...####.##.#....#
....####.#..#....###
.#.....#.#.##.#....#
..............#..#.#
...#.......#.....#.#
...#...........#.#.#
...#......##.#.#.#.######
...#....####.#.#.#..l...#


You could see an adder.

Vanquished Creatures
  An endoplasm (D:1)
  5 goblins
  2 hobgoblins (D:2)
  4 jackals (D:1)
  A quokka (D:1)
  A ball python (D:1)
  2 bats (D:1)
  3 frilled lizards
  4 kobolds
  A rat (D:1)
24 creatures vanquished.

Notes
Turn   | Place    | Note
-------+----------+-------------------------------------------
     0 | D:1      | jimonade the Ogre Warper began the quest for the Orb.
     0 | D:1      | Reached XP level 1. HP: 22/22 MP: 3/3
   127 | D:1      | Reached XP level 2. HP: 29/29 MP: 3/5
   332 | D:1      | Reached skill level 3 in Translocations
   814 | D:2      | Noticed Sigmund
   902 | D:2      | Noticed Robin
  1047 | D:2      | Reached XP level 3. HP: 34/36 MP: 6/6
  1051 | D:2      | Learned a level 2 spell: Blink
  1054 | D:2      | Learned a level 2 spell: Lesser Beckoning
  1209 | D:1      | Slain by an adder

Illustrated notes

Levels and vault maps discovered:
D:1:      dpeg_arrival_simpleton_a, layout_basic, minivault_14,
          minmay_tetromino_l2
D:2:      layout_loops_ring, uniq_robin, uniq_sigmund

Skill      XL: |  1  2 |
---------------+-------+-----
Translocations | 3 |  3.1
Fighting       | |  2.9
Maces & Flails | |  1.9
Throwing       | |  1.0
Dodging        | |  2.5
Spellcasting   | |  2.7

Action                     || total
---------------------------++-------
  Melee: Mace              ||    71
         Punch             ||     2
 Armour: Robe              ||    27
  Dodge: Dodged            ||    85

Table legend: (Time is in decaauts)
 A = Elapsed time spent in this place.
 B = Non-inter-level travel time spent in this place.
 C = Inter-level travel time spent in this place.
 D = Time resting spent in this place.
 E = Time spent auto-exploring this place.
 F = Levels seen in this place.
 G = Mean time per level.
                   A        B        C        D        E       F      G
               +--------+--------+--------+--------+--------+-----+--------+
         Total |   1234 |   1143 |     91 |      0 |    639 |   2 |  617.0 |
       Dungeon |   1234 |   1143 |     91 |      0 |    639 |   2 |  617.0 |
               +--------+--------+--------+--------+--------+-----+--------+

Top non-repeatable levels by time:
     D:1: 902 daAuts
     D:2: 332 daAuts
